Cogmind - Beta 17.1 @@@ ROGUE MODE // 2026.09.14 @ 12:46:07 Player: Ethranok Result: Smashed by cave-in Performance ------------- Evolutions (0) 0 Regions Visited (3) 600 Robots Destroyed (31) 155 Value Destroyed (679) 679 Prototype IDs (0) 0 Alien Tech Used (0) 0 Bonus (120) 120 TOTAL SCORE: 1554 Bonus ------- Follower Combat Kills 120 Cogmind --------- Core Integrity 0/250 Matter 300/300 Energy 100/100 System Corruption 9% Temperature Cool (0) Movement Core (350) Ox6 Location -10/Subcaves Parts ------- > --- POWER (1) -------- (None) > --- PROPULSION (2) --- (None) > --- UTILITY (2) ------ Large Storage Unit > --- WEAPON (2) ------- (None) > --- INVENTORY (15) --- Ion Engine Large Battery (200) High-capacity Matter Pod (200) Compact Matter Pod (150) Targeting Computer ECM Suite Riot Gun Medium Laser Small Laser Battle Rifle Battle Cannon Hammer Makeshift Spear Peak State ------------ > --- POWER ------------ Light Nuclear Core > --- PROPULSION ------- Light Treads > --- UTILITY ---------- Large Storage Unit > --- WEAPON ----------- Light Cannon Hammer > --- INVENTORY -------- Ion Engine Large Battery High-capacity Matter Pod Compact Matter Pod Targeting Computer ECM Suite Medium Laser Small Laser Rocket Launcher [Rating: 8] Favorites ----------- Power Light Ion Engine Engine Light Ion Engine Power Core Light Nuclear Core Propulsion Light Treads Treads Light Treads Utility Large Storage Unit Storage Large Storage Unit Protection Light Armor Plating Weapon Light Assault Rifle Energy Gun Medium Laser Ballistic Gun Light Assault Rifle Ballistic Cannon Light Cannon Launcher Rocket Launcher Special Weapon Mining Laser Impact Weapon Hammer Build | -11 -10 -10 -10 ------- Run | Yrd Mat Min Sub Slots Evolved . | . . . . Power . | . . . . Propulsion . | . . . . Utility . | . . . . Weapon . | . . . . Parts Attached 19 | 7 7 2 3 Power 4 | 1 1 1 1 Engine 3 | 1 1 1 . Core 1 | . . . 1 Reactor . | . . . . Propulsion 3 | 2 . 1 . Treads 3 | 2 . 1 . Leg . | . . . . Wheel . | . . . . Hover . | . . . . Flight . | . . . . Utility 3 | 1 2 . . Device . | . . . . Storage 2 | 1 1 . . Processor . | . . . . Hackware . | . . . . Protection 1 | . 1 . . Artifact . | . . . . Weapon 9 | 3 4 . 2 Energy Gun 3 | 3 . . . Energy Cannon . | . . . . Ballistic Gun 2 | . 2 . . Ballistic Cannon 1 | . . . 1 Launcher 1 | . . . 1 Special Weapon 1 | . 1 . . Impact Weapon 1 | . 1 . . Slashing Weapon . | . . . . Piercing Weapon . | . . . . Special Melee Weapon . | . . . . Unidentified Prototypes . | . . . . Parts Lost 11 | . 3 2 6 Power 3 | . . 1 2 Propulsion 3 | . 1 1 1 Utility 1 | . 1 . . Weapon 4 | . 1 . 3 Highest Loss Streak 3 | . 2 2 3 To Critical Strikes 2 | . 1 1 . Average Backups 8 | 2 5 8 10 Power 1 | . 1 1 1 Propulsion . | . . . . Utility 3 | . 2 4 5 Weapon 3 | . 2 2 4 Tool/Special . | . . . . Unused Backups 10 | . . 1 9 Power 1 | . . . 1 Propulsion . | . . . . Utility 6 | . . 1 5 Weapon 3 | . . . 3 Tool/Special . | . . . . Average Slot Usage (%) 68 | . 86 61 62 Engine 9 | . 14 13 1 Core 2 | . . . 6 Treads 13 | . 24 4 14 Storage 14 | . 14 14 14 Protection 1 | . 4 . . Energy Gun 2 | . 11 . . Ballistic Gun 9 | . 14 14 1 Ballistic Cannon 3 | . . . 9 Launcher 1 | . . . 5 Impact Weapon 8 | . 1 14 8 Peak Build Rating 8 | 6 7 6 8 Average Rating 5 | 3 6 4 6 On Entrance 4 | . 6 5 6 Avg Prop Armor Cover (%) . | . . . . Naked Turns . | . . . . Heaviest Build 30 | 13 30 26 30 Greatest Support 40 | 40 40 20 20 Greatest Overweight (x) 8 | 1 1 8 1 Average Overweight (x) 1 | . . 4 1 Largest Inventory Capacity 15 | 8 15 15 15 Average Capacity 13 | 7 10 15 15 Most Carried 13 | 7 10 12 13 Average Carried 8 | 2 5 8 10 Final Capacity 15 | 8 15 15 15 Final Carried 13 | 1 8 11 13 Class Distribution -------------------- 100% | Mutant Dominant Class ---------------- Mutant | -10/Materials Mutant | -10/Mines Mutant | -10/Subcaves Resources | -11 -10 -10 -10 ----------- Run | Yrd Mat Min Sub Matter Collected 672 | 191 298 53 130 Remotely . | . . . . Salvage Created 794 | . 523 72 199 Parts 66 | . 35 10 21 Haulers Intercepted . | . . . . Recyclers Shooed . | . . . . Parts Field Recycled . | . . . . Retrieved Matter . | . . . . Parts Self-Destructed 7 | . . . 7 Prevented . | . . . . Parts Restored . | . . . . Kills | -11 -10 -10 -10 ------- Run | Yrd Mat Min Sub Combat Hostiles Destroyed 26 | . 17 3 6 Melee 1 | . 1 . . Guns 16 | . 13 3 . Cannons 1 | . . . 1 AOE 5 | . . . 5 Classes Destroyed 6 | . 4 1 1 Worker 3 | . 3 . . Builder 1 | . . 1 . Watcher 1 | . 1 . . Swarmer 12 | . 9 3 . Grunt 8 | . 8 . . Subdweller 6 | . . . 6 Best Kill Streak 4 | . 4 3 2 Combat Bots Only 5 | . 5 3 2 Max Kills in Single Turn 1 | . 1 1 1 Gunslinging . | . . . . Exploded 1 | . . . 1 Melee 1 | . 1 . . Uniques/NPCs Destroyed . | . . . . Combat | -11 -10 -10 -10 -------- Run | Yrd Mat Min Sub Hostile Shots Fired 129 | . 91 28 10 Missed 26 | . 18 5 3 Hits 103 | . 73 23 7 Projectile 103 | . 73 23 7 AOE 2 | . . . 2 Critical Strikes 4 | . 2 1 1 Damage Taken 1511 | . 720 189 602 Core 322 | . 127 63 132 Absorbed by Shields . | . . . . Core Remaining (%) 100 | 100 . . . Volleys Fired 102 | . 52 41 9 Largest 2 | . 2 1 2 Hottest 100 | . 100 20 63 Shots Fired 152 | . 97 41 14 Gun 132 | . 91 41 . Cannon 7 | . . . 7 Launcher 7 | . . . 7 Special 6 | . 6 . . Kinetic 100 | . 52 41 7 Thermal 45 | . 45 . . Explosive 7 | . . . 7 Electromagnetic . | . . . . Robot Hit Streak 16 | . 16 8 4 Robot Miss Streak 4 | . 3 4 1 Penetration Max . | . . . . Secondary Targets . | . . . . Shots Hit Robots 100 | . 65 26 9 Core Hits 51 | . 30 10 11 Critical Kills . | . . . . Critical Parts Destroyed 2 | . 2 . . Critical Strikes 5 | . 4 . 1 Burn 2 | . 2 . . Blast 1 | . . . 1 Smash 2 | . 2 . . Melee Attacks 11 | . 11 . . Impact 11 | . 11 . . Slashing . | . . . . Piercing . | . . . . Sneak Attacks 2 | . 2 . . Combat Hostiles . | . . . . Follow-up Attacks . | . . . . Damage Inflicted 1417 | . 814 211 392 Guns 787 | . 576 211 . Cannons 67 | . . . 67 Explosions 325 | . . . 325 Melee 233 | . 233 . . Ramming 5 | . 5 . . Kinetic 587 | . 309 211 67 Thermal 267 | . 267 . . Explosive 325 | . . . 325 Electromagnetic . | . . . . Impact 233 | . 233 . . Slashing . | . . . . Piercing . | . . . . Highest Corruption . | . . . . Average Corruption . | . . . . Corruption Purged . | . . . . Corruption Blocked . | . . . . Overload Shots . | . . . . Overflow Damage 131 | . 131 . . Projectiles . | . . . . Explosions . | . . . . Melee 131 | . 131 . . Knockbacks . | . . . . Impact . | . . . . Kinetic . | . . . . Secondary . | . . . . Self-Inflicted Damage 2 | . . . 2 Shots 1 | . . . 1 Rammed 4 | . 3 1 . Targets Rammed 5 | . 4 1 . Kicked . | . . . . Crushed 1 | . 1 . . Highest Temperature 240 | . 240 . . Average Temperature 71 | . 71 . . Received Heat Transfer 204 | . 204 . . Effects 1 | . 1 . . Energy Bleed 1 | . 1 . . Siege Activations . | . . . . Martial Activations . | . . . . Shielding Activations . | . . . . Robots Disrupted . | . . . . Combat Hostiles . | . . . . Robots Corrupted 3 | . 3 . . Combat Hostiles 2 | . 2 . . Parts Fried 4 | . 4 . . Impact Corruptions 7 | . 7 . . Robots Melted 1 | . 1 . . Combat Hostiles 1 | . 1 . . Parts Melted 1 | . 1 . . Heat Transferred 902 | . 902 . . Parts Sabotaged . | . . . . Parts Stolen . | . . . . Parts Stripped . | . . . . Power Chain Reactions . | . . . . Alert | -11 -10 -10 -10 ------- Run | Yrd Mat Min Sub Maximum Alert Level . | . . . . Low Security (%) 100 | 100 100 100 . Level 1 . | . . . . Level 2 . | . . . . Level 3 . | . . . . Level 4 . | . . . . Level 5 . | . . . . High Security . | . . . . Max Security . | . . . . Peak Influence 96 | . 96 80 . Initial 25 | . . 25 . Average 20 | . 33 12 . Influence Increases 634 | . 479 155 . Destroy 0b10 Robot/C 440 | . 340 100 . Destroy 0b10 Robot/NC 25 | . 20 5 . Destroy Leader 112 | . 92 20 . Allied During Kill 15 | . . 15 . Successful Hack 24 | . 24 . . Disable Machine 15 | . . 15 . Destroy Structure 3 | . 3 . . Influence Decreases 634 | . 414 212 8 Entered New Map 45 | . . 40 5 Time Decay 539 | . 384 152 3 Lost Part 50 | . 30 20 . Squads Dispatched 5 | . 5 . . Investigation 5 | . 5 . . Extermination . | . . . . Reinforcement . | . . . . Assault . | . . . . Garrison . | . . . . Intercept . | . . . . Searches Triggered . | . . . . Construction Impeded . | . . . . Haulers Reinforced . | . . . . Active Scanning Responses . | . . . . Cargo Convoy Interrupts . | . . . . Stealth | -11 -10 -10 -10 --------- Run | Yrd Mat Min Sub Distress Signals 1 | . 1 . . Communications Jammed . | . . . . Distress Signals . | . . . . Times Spotted 36 | . 25 4 7 Peak Tracking Total 4 | . 4 3 2 Tactical Retreats . | . . . . Traps | -11 -10 -10 -10 ------- Run | Yrd Mat Min Sub Traps Triggered 2 | . 1 . 1 Indirectly . | . . . . Trap Hack Attempts . | . . . . Triggered . | . . . . Disarmed . | . . . . Reprogrammed . | . . . . Reused . | . . . . Traps Extracted . | . . . . Installed . | . . . . Triggered . | . . . . Machines | -11 -10 -10 -10 ---------- Run | Yrd Mat Min Sub Machines Disabled 1 | . . 1 . Max in Single Turn . | . . . . Machines Repaired . | . . . . Machines Dismantled . | . . . . Machines Sabotaged . | . . . . Overloaded Fab Kills . | . . . . Hacking | -11 -10 -10 -10 --------- Run | Yrd Mat Min Sub Machines Accessed 11 | . 10 . 1 Terminals 8 | . 8 . . Fabricators . | . . . . Repair Stations . | . . . . Recycling Units 2 | . 2 . . Scanalyzers . | . . . . Garrison Access . | . . . . Total Hacks 35 | . 32 . 3 Successful 16 | . 13 . 3 Failed 19 | . 19 . . Catastrophic 2 | . 2 . . Database Lockouts . | . . . . Manual 29 | . 29 . . Terminals 30 | . 30 . . Fabricators . | . . . . Repair Stations . | . . . . Recycling Units 2 | . 2 . . Scanalyzers . | . . . . Garrison Access . | . . . . Terminal Hacks 10 | . 7 . 3 Record 3 | . . . 3 Robot Analysis 4 | . 4 . . Branch Access Points 1 | . 1 . . Terminal Index 1 | . 1 . . Zone Layout 1 | . 1 . . Fabricator Hacks . | . . . . Repair Station Hacks . | . . . . Recycling Unit Hacks 2 | . 2 . . Report Inventory 2 | . 2 . . Scanalyzer . | . . . . Garrison Access Hacks . | . . . . Unauthorized Hacks 4 | . 4 . . Terminals 4 | . 4 . . Botnet 4 | . 4 . . Fabricators . | . . . . Repair Stations . | . . . . Recycling Units . | . . . . Scanalyzers . | . . . . Garrison Access . | . . . . Data Cores Recovered . | . . . . Used . | . . . . Hacking Detections 7 | . 7 . . Full Trace Events 7 | . 7 . . Feedback Events . | . . . . Feedback Blocked . | . . . . Robot Schematics Acquired . | . . . . Robots Built . | . . . . Authchips . | . . . . Time . | . . . . Total Robot Build Rating . | . . . . Part Schematics Acquired . | . . . . Parts Built . | . . . . Authchips . | . . . . Time . | . . . . Total Part Build Rating . | . . . . Part Studies Acquired . | . . . . Parts Repaired . | . . . . Time . | . . . . Parts Recycled . | . . . . Recycled Matter . | . . . . Retrieved Matter . | . . . . Retrieved Components . | . . . . Parts Scanalyzed . | . . . . Part Schematics Acquired . | . . . . Parts Damaged . | . . . . Bothacking | -11 -10 -10 -10 ------------ Run | Yrd Mat Min Sub Used RIF Installer . | . . . . Robots Hacked . | . . . . Non-combat . | . . . . Combat . | . . . . Robot Hacks Applied . | . . . . Relay Couplers Released . | . . . . Fabnet Peak Effective % . | . . . . Robots Rewired . | . . . . Allies Hacked . | . . . . Hacks Repelled . | . . . . Allies | -11 -10 -10 -10 -------- Run | Yrd Mat Min Sub Total Allies 5 | . . 5 . Largest Group 5 | . . 5 5 Highest-Rated Group 96 | . . 96 96 Highest-Rated Ally 31 | . . 31 31 Total Orders . | . . . . Ally Attacks 20 | . . 7 13 Total Damage 259 | . . 63 196 Kills 4 | . . 2 2 Allies Corrupted . | . . . . Allies Melted . | . . . . Intel | -11 -10 -10 -10 ------- Run | Yrd Mat Min Sub Active Infowar (turns) . | . . . . Robot Analysis Total 4 | . 4 . . Derelict Logs Recovered 4 | . . 2 2 Drone Launches . | . . . . Drone Recoveries . | . . . . Exploration | -11 -10 -10 -10 ------------- Run | Yrd Mat Min Sub Turns Passed 4987 | 56 1278 1916 1737 Spaces Moved 1877 | 41 601 530 705 Core 283 | 25 . 258 . Treads 1594 | 16 601 272 705 Legs . | . . . . Wheels . | . . . . Hover . | . . . . Flight . | . . . . Fastest Speed 50 | 50 160 240 240 Average Speed 244 | 102 174 342 240 Slowest Speed 450 | 160 240 450 240 Overloaded Moves . | . . . . Propulsion Burnouts . | . . . . Robots Hopped . | . . . . Potential Cave-ins 4 | . 4 . . Cave-ins Triggered 1 | . . . 1 Exploration Rate (%) 64 | 3 93 97 66 Regions Visited 3 Branch Regions 2 Pre-discovered Areas 3 | . . 1 2 Known Exits Taken 1 | . 1 . . Unknown Exits Taken 2 | 1 . 1 . Scrap Searched 2 | . . 1 1 Spaces Dug 6 | . 6 . . Terrain Destroyed 66 | . 6 . 60 Melee . | . . . . Projectile 6 | . 6 . . AOE 60 | . . . 60 Terrain Rammed . | . . . . Walls Destroyed . | . . . . Machines Disabled . | . . . . Actions | -11 -10 -10 -10 --------- Run | Yrd Mat Min Sub Total 2097 | 56 710 597 734 Wait 50 | . 20 17 13 Move 1874 | 40 600 529 705 Hop . | . . . . Pick Up 30 | 8 12 6 4 Fast Attach . | . . . . Attach 13 | 7 2 2 2 Detach . | . . . . Swap 7 | . 6 . 1 Drop 5 | 1 3 1 . Fire 102 | . 52 41 9 Melee 11 | . 11 . . Ram 1 | . . 1 . Kick . | . . . . Crush 4 | . 4 . . Escape Stasis . | . . . . Rewire . | . . . . Trap . | . . . . Miscellaneous . | . . . . Route ------- -11/Scrapyard -10/Materials (discovered 5 exits: [*Mat x3] / *Min x2) -10/Mines (discovered 3 exits: [*Mat x2] / *Sub) -10/Subcaves (discovered 2 exits: [*Mat x2]) History --------- Turn | Location | Event 12 | -11/Scrapyard | Discovered new exit (range 15) 57 | -11/Scrapyard | Entered Materials 313 | -10/Materials | Build established: Mutant 368 | -10/Materials | Discovered new exit (range 5) 605 | -10/Materials | Discovered new exit (range 8) 789 | -10/Materials | Discovered new exit (range 6) 972 | -10/Materials | Discovered new exit (range 11) 1065 | -10/Materials | Discovered new exit (range 15) 1247 | -10/Materials | Core integrity fell below 50% 1267 | -10/Materials | Identified exit to Mines 1335 | -10/Materials | Entered Mines 1575 | -10/Mines | Assisted by bots powering up and referring to "LRC-V3" 2278 | -10/Mines | Discovered new exit (range 6) 2552 | -10/Mines | Discovered new exit (range 7) 2568 | -10/Mines | Received a Rocket Launcher from a helpful Derelict 2731 | -10/Mines | Discovered new exit (range 6) 3251 | -10/Mines | Entered Subcaves 3251 | -10/Subcaves | Accompanied by 5 allies 3256 | -10/Subcaves | Led the pair of lost Derelicts to an unsafe place 3393 | -10/Subcaves | Discovered new exit (range 9) 3468 | -10/Subcaves | Core integrity fell below 20% 3570 | -10/Subcaves | Discovered new exit (range 10) 3647 | -10/Subcaves | Learned Materials trap positions 4104 | -10/Subcaves | Lost 3 allies 4209 | -10/Subcaves | Visited Clippyterm 4216 | -10/Subcaves | Learned location of Deep Caves (-7) 4663 | -10/Subcaves | Shifting Twisted Machinery released Sub. Machine Gun 4666 | -10/Subcaves | Shifting Twisted Machinery released Mak. Shrapnel Gun 4885 | -10/Subcaves | Learned location of Zion (-7) 4989 | -10/Subcaves | Crushed by falling debris 4989 | -10/Subcaves | Smashed by cave-in Last Messages --------------- 04750_ The unstable cave ceiling collapses. 04859_ YH-KKH(z): "She is not going to be happy we haven't found any suitable candidates yet." 04885_ Acquired derelict log, extracted data. World map updated: -7/Zion. 04949_ 0I-CMZ(R) destroyed. 04966_ The unstable cave ceiling collapses. 04972_ Acquired 22 matter. 04982_ Searching scrap... 04982_ Found Riot Gun. 04982_ Found 52 Matter. 04983_ Acquired 8 matter. 04987_ Acquired Riot Gun. 04989_ The unstable cave ceiling collapses. 04989_ Crushed by falling debris. 04989_ Lgt. Treads destroyed. 04989_ System corrupted by crushing effect (+1). 04989_ Rocket Launcher destroyed. 04989_ System corrupted by crushing effect (+5). 04989_ Lgt. Cannon destroyed. 04989_ System corrupted by crushing effect (+3). Map ----- +----------------------------------------------------+ | ???????????????????????????????????????? | | ???????????????????????????????????????? | | ???????????????????????????????????????? | | ???????????????????????????????????????? | | ???????????????????????????????????????? | | ???????????????????????????????????????? | | ???????????????????????????????????????? | | ????????????????????????????????###????? | | ????????????????????## ??????## #####? | | ???????????????????## ?????## #? | | ???????????????????? ???### ?? | | ????????????????????# ??## ??? | | ???????????????????## # ## #???? | | ???????????????????? # #???? | | ??????????????####?## ##?# ##??? | | ??????????????# ## ### #??? | | ???????????????# ### #??? | | ????????????????# # # ##??? | | ????????????????# # ##???? | | ?????????????????# # #### | | ??????????????????# | | ?????????????????## %% | | ????????????###### ### | | ????????????#"& # ### ##?? | | ????????????#&# * ###?? ##??? | | ????????????# #@ #???? #???? | | ????????????# # ###??####?### | | ????????????#<%## ##????### | | ????????????#### ##?### | | ??????????????# ## ## ### | | ??????????????# ### ## | | ??????????????## ## #### | | ??????????????# ### #??# ## | | ??????????????# #?# #?# ## | | ??????????????# #? ## # | | ??????????????# #### ##### ## | | ??????????????# ??? ##???## ## #### | | ??????????????? ??? #?????#######??? | | ???????????????? ?? ??????????????? | | ????????????????????# ???????##?????? | | ????????????????????# ???????# ????? | | ???????????????????? ##???????# #???? | | ???????????????????? #?????????? ##?? | | ???????????????????? #?????????? #? | | ??????????????????????????????? # | | ??????????????????????????????????" | | ????????????????????????????????????? | | ??????????????????????????????????????# | | ??????????????????????????????????????# | | ??????????????????????????????????????## | +----------------------------------------------------+ Best States ------------- Heat Dissipation 25 Energy Generation 14 Energy Capacity 250 Matter Stores 300 Matter Capacity 300 Sight Range 16 Terrain Scan Density 10 Armor Coverage 150 Evasion (%) 50 Recoil Reduction 2 Item Schematics ----------------- None Robot Schematics ------------------ None Fabricated ------------ Nothing Repaired ---------- Nothing Studied --------- None Alien Tech Used ----------------- None Achievements -------------- Party Time The More The Merrier Challenges ------------ None Game ------ Seed SlugMomentumPerforator Manual? 0 Play Time 00:26:59 Cumulative 21.5 hours Start 2026.09.13 @ 21:18:48 End 2026.09.14 @ 12:46:07 Sessions 3 Manual Loads 0 Difficulty Rogue Special Mode None Game No. 31 Rogue 31 Adventurer 0 Explorer 0 Win Type - Total 0 Types 0/0/0/0/0/0/0/0/0/0 Lore% 9 Gallery% 13 Achievement% 15 Wizard Run 0 Options --------- Layout 0 ASCII 0 Keyboard 0 Movement Arrows Keybinds 0 Fullscreen 1 Font 24/Smallcaps Map View 56x25 Zoom Use 84% Tactical HUD 1 Map Filters NONE Filters NONE Steam 1 RUN: 04b74ec8-4e6f-449a-a11e-aa307b9240d2